 Dungeon Crawl Stone Soup version 0.28-a0-969-g2dcde036d2 (webtiles) character file.

Game seed: 17928775558137986297

686 HessuHobo the Shield-Bearer (level 7, 0/49 HPs)
             Began as a Human Fighter on Dec 1, 2021.
             Succumbed to Duvessa's poison
             ... on level 6 of the Dungeon.
             The game lasted 00:07:30 (5262 turns).

HessuHobo the Shield-Bearer (Human Fighter)         Turns: 5262, Time: 00:07:30

Health: 0/49       AC:  8    Str: 24    XL:     7   Next: 94%
Magic:  7/7        EV: 10    Int: 12    God:
Gold:   219        SH:  6    Dex: 18    Spells: 6/6 levels left

rFire   . . .      SeeInvis .   l - +2 hand axe (elec)
rCold   . . .      Faith    +   c - +0 buckler
rNeg    . . .      Spirit   .   b - +0 scale mail
rPois   .          Reflect  .   y - +0 helmet {Int+3}
rElec   +          Harm     .   (no cloak)
rCorr   .          Rampage  .   (no gloves)
Will    .....                   (no boots)
Stlth   ..........              m - amulet of faith
HPRegen 0.16/turn               i - +6 ring of strength
MPRegen 0.10/turn               v - +6 ring of dexterity

@: mighty, lethally poisoned (0 -> -5)
A: frail 1, electricity resistance
a: no special abilities


You were on level 6 of the Dungeon.
You visited 1 branch of the dungeon, and saw 6 of its levels.

You collected 219 gold pieces.

Inventory:

Hand Weapons
 a - a +0 rapier
 l - a +2 hand axe of electrocution (weapon)
 r - a +0 dagger of protection
 s - a +2 whip of venom
Missiles
 C - 6 javelins (quivered)
Armour
 b - a +0 scale mail (worn)
 c - a +0 buckler (worn)
 y - a +0 helmet of intelligence (worn)
Jewellery
 i - a +6 ring of strength (left hand)
 m - an amulet of faith (around neck)
 v - a +6 ring of dexterity (right hand)
 w - an amulet of guardian spirit
Wands
 p - a wand of flame (13)
 A - a wand of polymorph (15)
Scrolls
 e - a scroll of enchant weapon {unknown}
 f - 2 scrolls of holy word
 k - a scroll of enchant armour {unknown}
 n - a scroll of teleportation {unknown}
 o - 3 scrolls of blinking {unknown}
 u - a scroll of vulnerability {unknown}
 B - 2 scrolls of fog {unknown}
Potions
 d - 2 potions of might
 g - a potion of degeneration
 h - a potion of flight {unknown}
 t - a potion of curing {unknown}
 x - 2 potions of lignification


   Skills:
 + Level 4.9 Fighting
 - Level 2.2 Short Blades
 + Level 3.5 Axes
 + Level 0.9 Throwing
 + Level 4.9 Armour
 + Level 4.9 Shields
 + Level 0.9 Evocations


You had 6 spell levels left.
You didn't know any spells.
Your spell library was empty.

Dungeon Overview and Level Annotations

Branches:
Dungeon (6/15)
 Temple: D:4-7

Altars:
Cheibriados
Gozag
Trog

Annotations:
D:4 3 runed translucent doors, cvjcd's ghost, amateur SpEn
D:5 Pikel


Innate Abilities, Weirdness & Mutations

You are frail. (-10% HP)
You are resistant to electric shocks. (rElec)


Message History

An orc wizard comes into view. It is wielding a +0 dagger.
Duvessa zaps a wand.
The puff of flame hits you!
* * * LOW HITPOINT WARNING * * *
Dowan closely misses you.
You hit Duvessa.
Duvessa is heavily wounded.
You slash Dowan!
* * * LOW HITPOINT WARNING * * *
You feel very sick.
The orc wizard gestures at you while chanting.
The puff of flame misses you.
Duvessa hits you with a +1 short sword of venom.
* * * LOW HITPOINT WARNING * * *
You block Dowan's attack.
You slash Duvessa!
Duvessa is almost dead.
You miss Dowan.
* * * LOW HITPOINT WARNING * * *
You feel very sick. You block Duvessa's attack.
Dowan hits you but does no damage.
You slice Duvessa!!
You kill Duvessa!
Dowan's eyes darken. "You have made a black mistake."
Dowan seems to find hidden reserves of power!
You hit Dowan. You closely miss the orc wizard.
* * * LOW HITPOINT WARNING * * *
You feel sick. Dowan hits you but does no damage.
The orc wizard completely misses you. You block Dowan's attack.
The orc priest looks braver for a moment.
You slash Dowan!
You kill Dowan!
You slash the orc wizard!
* * * LOW HITPOINT WARNING * * *
You feel sick.
The orc wizard hits you but does no damage.
The orc wizard gestures wildly while chanting.
The orc wizard flickers and vanishes!
Deactivating autopickup; reactivate with Ctrl-A.
You closely miss something.
You die...

. .##..#
..#..###
......#
#..#.########
#..#.#......#
#......####.#
#.)#.....##)#
.#{@)..#.##)#
#.###.#.##.#
#.# #.# ##.#
#.# #e# #.#
... ... #.#
#.. ... #.#
### .#. #.#
#.#


There were no monsters in sight!

Vanquished Creatures
  Duvessa (D:6)
  A phantom (D:4)
  A scorpion (D:4)
  Dowan (D:6)
  A bullfrog zombie (D:5)
  An orc priest (D:6)
  A hound (D:5)
  Jessica (D:2)
  Terence (D:2)
  An iguana (D:3)
  2 orc wizards
  Robin (D:3)
  5 adders
  A howler monkey skeleton (D:4)
  2 river rats (D:3)
  An adder skeleton (D:4)
  3 worms
  2 dart slugs
  5 orcs
  2 endoplasms
  5 giant cockroaches (D:3)
  11 hobgoblins
  6 jackals (D:3)
  3 quokkas
  7 ball pythons
  4 bats
  7 frilled lizards
  18 goblins
  5 kobolds
  5 rats
105 creatures vanquished.

Notes
Turn   | Place    | Note
-------+----------+-------------------------------------------
     0 | D:1      | HessuHobo the Human Fighter began the quest for the Orb.
     0 | D:1      | Reached XP level 1. HP: 18/18 MP: 1/1
   257 | D:1      | Reached XP level 2. HP: 24/24 MP: 2/2
  1071 | D:2      | Found a faded altar of an unknown god.
  1237 | D:2      | Noticed Terence
  1243 | D:2      | Killed Terence
  1244 | D:2      | Reached XP level 3. HP: 22/29 MP: 3/3
  1609 | D:2      | Reached XP level 4. HP: 35/35 MP: 4/4
  1633 | D:2      | Reached skill level 1 in Axes
  2015 | D:2      | Noticed Jessica
  2104 | D:2      | Killed Jessica
  2587 | D:3      | Reached XP level 5. HP: 30/42 MP: 5/5
  2861 | D:3      | Found a bloodstained altar of Trog.
  2939 | D:3      | Found a snail-covered altar of Cheibriados.
  3050 | D:3      | Found a glowing drain.
  3241 | D:3      | You fall into a shaft and drop 3 floors!
  3248 | D:6      | Reached XP level 6. HP: 48/48 MP: 6/6
  3422 | D:6      | Noticed Dowan
  3423 | D:6      | Noticed Duvessa
  3431 | D:5      | Entered Level 5 of the Dungeon
  3797 | D:4      | Reached XP level 7. HP: 55/55 MP: 7/7
  3866 | D:4      | Found an opulent altar of Gozag.
  3872 | D:4      | Found an opulent altar of Gozag.
  3872 | D:4      | Found an opulent altar of Gozag.
  3880 | D:4      | Found an opulent altar of Gozag.
  4138 | D:4      | Found a runed translucent gate.
  4138 | D:4      | Found a runed translucent gate.
  4138 | D:4      | Found a runed translucent gate.
  4138 | D:4      | Noticed cvjcd's ghost (amateur SpEn)
  4814 | D:3      | Noticed Robin
  4829 | D:3      | Killed Robin
  5202 | D:5      | Gained mutation: You are frail. (-10% HP) [potion of
                  | mutation]
  5203 | D:5      | Lost mutation: You are frail. (-10% HP) [potion of
                  | mutation]
  5203 | D:5      | Gained mutation: You are frail. (-10% HP) [potion of
                  | mutation]
  5203 | D:5      | Gained mutation: You are resistant to electric shocks.
                  | (rElec) [potion of mutation]
  5209 | D:5      | Noticed Pikel
  5260 | D:6      | Killed Duvessa
  5261 | D:6      | Killed Dowan
  5261 | D:6      | HP: 2/49 [poisoned by Duvessa]
  5262 | D:6      | Succumbed to Duvessa's poison

Illustrated notes

Levels and vault maps discovered:
D:1:      doesnt_arrival_eight_statues, layout_loops_ring
D:2:      layout_basic, hellmonk_ecumenical_altar_lost_god, uniq_jessica,
          uniq_terence
D:3:      kennysheep_goblin_castle, layout_loops_ring, marbit_many_paths,
          mainiacjoe_overflow_cross_hatched, portal_sewer_entry_e
D:4:      layout_cave_pools, nicolae_gozag_conspicuous_consumption,
          ebering_ghost_rock_garden
D:5:      layout_basic, minmay_temple_entry_offerings,
          minmay_fractal_squares_diagonal_5, uniq_pikel, uniq_crazy_yiuf_cottage
D:6:      layout_basic, overflow_temple_1_default, fedhas_altar_fruit_tree,
          uniq_eustachio, uniq_duvessa, uniq_grinder

Skill      XL: |  1  2  3  4  5  6  7 |
---------------+----------------------+-----
Axes           | 1 2 3 |  3.5
Shields        | 4 |  4.9
Armour         | 4 |  4.9
Fighting       | 4 |  4.9
Short Blades   | |  2.2
Throwing       | |  0.9
Evocations     | |  0.9

Action                   |  1- 3 |  4- 6 |  7- 9 || total
-------------------------+-------+-------+-------++-------
Melee: Rapier            |    35 |       |       ||    35
       Hand axe          |    22 |   140 |    96 ||   258
  Use: Scroll            |       |       |     4 ||     4
       Potion            |       |       |     4 ||     4
Armor: Scale mail        |    16 |    52 |    39 ||   107
Dodge: Dodged            |    23 |    47 |    42 ||   112
Block: Buckler           |     9 |    34 |    31 ||    74

Table legend: (Time is in decaauts)
 A = Elapsed time spent in this place.
 B = Non-inter-level travel time spent in this place.
 C = Inter-level travel time spent in this place.
 D = Time resting spent in this place.
 E = Time spent auto-exploring this place.
 F = Levels seen in this place.
 G = Mean time per level.
                   A        B        C        D        E       F      G
               +--------+--------+--------+--------+--------+-----+--------+
         Total |   5318 |   5179 |    139 |   2328 |   1919 |   6 |  886.3 |
       Dungeon |   5318 |   5179 |    139 |   2328 |   1919 |   6 |  886.3 |
               +--------+--------+--------+--------+--------+-----+--------+

Top non-repeatable levels by time:
     D:3: 1647 daAuts
     D:2: 1177 daAuts
     D:1: 1119 daAuts
     D:4: 833 daAuts
     D:5: 332 daAuts
     D:6: 207 daAuts
